[Event "Titled Tuesday Blitz June 28 Late 2022"]
[White "Clawitter, Craig"]
[Black "Estrada Nieto, Julian"]
[WhiteFideId "2023105"]
[BlackFideId "5101018"]
[WhiteElo "2244"]
[BlackElo "2252"]
[Result "0-1"]
[Round "06"]
[TimeControl "180+1"]
[Date "2022.06.29"]
[WhiteClock "0:00:01"]
[BlackClock "0:00:27"]

1. e4 e5 2. Nf3 Nc6 3. Bb5 a6 4. Ba4 Nf6 5. O-O Be7 6. d3 b5 7. Bb3 d6 8. a4 b4 9. a5 O-O 10. Nbd2 Be6 11. Nc4 Qc8 12. Ba4 Qb7 13. Nfd2 Rad8 14. Kh1 d5 15. exd5 Bxd5 16. Ne3 Be6 17. Ndc4 e4 18. b3 exd3 19. cxd3 Bc5 20. Qf3 Nd5 21. Bb2 Nd4 22. Qh5 Qa7 23. Rae1 Nf6 24. Qh4 Be7 25. f4 Qc5 26. f5 Nd5 27. fxe6 Bxh4 28. exf7+ Rxf7 29. Nxd5 Rxf1+ 30. Rxf1 Qxd5 31. Ne3 Qe6 0-1


[Site "https://www.chess.com"]

[Event "Titled Tuesday Blitz June 28 Late 2022"]
[White "Colivet Gamboa, Julio Cesar"]
[Black "Mendez Fortes, Eduardo Jesus"]
[WhiteFideId "3949583"]
[BlackFideId "3502376"]
[WhiteElo "1743"]
[BlackElo "2321"]
[Result "1/2-1/2"]
[Round "06"]
[TimeControl "180+1"]
[Date "2022.06.29"]
[WhiteClock "0:00:13"]
[BlackClock "0:00:20"]

1. c4 Nf6 2. Nc3 e6 3. e4 d5 4. e5 d4 5. exf6 dxc3 6. bxc3 Qxf6 7. Nf3 b6 8. d4 Bb7 9. Be2 Bd6 10. O-O O-O 11. Be3 h6 12. Qc2 Nd7 13. Rab1 Bc6 14. Rfd1 e5 15. dxe5 Nxe5 16. Nxe5 Qxe5 17. g3 Be4 18. Bd3 Bb7 19. Bf4 Qh5 20. Be4 Bxe4 21. Qxe4 Bxf4 22. Qxf4 Qc5 23. Rd7 Qc6 24. Rxc7 Qa4 25. Re1 Rac8 26. Rb7 Rxc4 27. Qd6 Qc6 28. Qxc6 Rxc6 29. Rxa7 Rxc3 30. Rb7 Ra3 31. Re2 Ra6 32. Rb2 Rfa8 33. R2xb6 Rxb6 34. Rxb6 Rxa2 35. Kg2 g6 36. Rb7 Kg7 37. h4 Ra4 38. Rb6 Rc4 39. Rd6 h5 40. Rb6 Kf8 41. Rb7 Rc6 42. Rd7 Kg7 43. Rb7 Rf6 44. Rc7 Re6 45. Rd7 Kf6 46. Rc7 Rd6 47. Rc5 Ke6 48. Rc7 f6 49. Rg7 Kf5 50. Rb7 Rd5 51. Rb6 Rc5 52. Rd6 Ke5 53. Rb6 Kf5 54. Rd6 g5 55. hxg5 fxg5 56. Rd4 Re5 57. f4 gxf4 58. Rxf4+ Kg5 59. Rd4 Rc5 60. Kh3 Rb5 61. Rc4 Rf5 62. Rd4 Kf6 63. Rd6+ Ke5 64. Ra6 Ke4 65. Ra4+ Kd3 66. Ra3+ Ke2 67. Kh4 Kf2 68. Ra2+ Kg1 69. Ra4 Kg2 70. Ra2+ Kg1 71. Re2 Kh1 72. Rd2 Kg1 73. Rc2 Kh1 74. Rd2 Kg1 75. Kh3 Kf1 76. Kh4 Kg1 1/2-1/2


[Site "https://www.chess.com"]

[Event "Titled Tuesday Blitz June 28 Late 2022"]
[White "Colpe, Malte"]
[Black "Tatarinov, Dmitry"]
[WhiteFideId "24623075"]
[BlackFideId "24160067"]
[WhiteElo "2515"]
[BlackElo "2700"]
[Result "0-1"]
[Round "06"]
[TimeControl "180+1"]
[Date "2022.06.29"]
[WhiteClock "0:00:04"]
[BlackClock "0:00:24"]

1. e4 e5 2. Nf3 Nc6 3. Bc4 Bc5 4. c3 Nf6 5. d4 exd4 6. e5 d6 7. exf6 Qxf6 8. cxd4 Nxd4 9. Nxd4 Bxd4 10. O-O O-O 11. Qc2 c6 12. Nc3 d5 13. Bd3 g6 14. Ne2 Be5 15. f4 Bc7 16. Be3 Re8 17. Bd4 Bb6 18. Bxb6 axb6 19. f5 g5 20. Ng3 Bd7 21. Qd2 Qd4+ 22. Kh1 f6 23. a3 Re3 24. Rad1 Rae8 25. Qf2 Qe5 26. b4 Re7 27. a4 Be8 28. Be2 Rxe2 29. Nxe2 Qxe2 30. Qxb6 Bf7 31. a5 Kg7 32. Qd8 Re8 33. Qd6 Qb5 34. h4 h6 35. Rfe1 Re2 36. Qc5 Qa6 37. Kh2 Rxe1 38. Rxe1 Qd3 39. hxg5 hxg5 40. Qf2 d4 41. Re2 Bd5 42. Rd2 Qe4 43. Rxd4 Qe5+ 44. Kg1 Kf7 45. Rd2 Qa1+ 46. Kh2 Qe5+ 47. Kg1 Qa1+ 48. Kh2 Qc3 49. Qd4 Qb3 50. Qf2 Qxb4 51. Rb2 Qe7 52. Qg3 c5 53. Qb8 c4 54. Rb6 c3 55. Qc8 Bc6 56. Rxc6 bxc6 57. Qxc6 Qe5+ 58. Kg1 g4 59. a6 g3 60. Qd7+ Kg8 61. Qc8+ Kg7 62. Qd7+ Kh6 63. Qd1 Qe3+ 64. Kh1 Kg7 65. Qg4+ Kf8 66. Qb4+ Kf7 67. Qc4+ Ke7 68. Qb4+ Kd7 69. Qc4 Qe1+ 70. Qf1 Qxf1# 0-1


[Site "https://www.chess.com"]

[Event "Titled Tuesday Blitz June 28 Late 2022"]
[White "Curtis, John"]
[Black "Bach, Matthias"]
[WhiteFideId "3200256"]
[BlackFideId "4603168"]
[WhiteElo "2203"]
[BlackElo "2165"]
[Result "1-0"]
[Round "06"]
[TimeControl "180+1"]
[Date "2022.06.29"]
[WhiteClock "0:00:34"]
[BlackClock "0:00:16"]

1. e4 e5 2. Nf3 Nc6 3. Bb5 Bc5 4. O-O d6 5. c3 a6 6. Ba4 Ba7 7. d4 exd4 8. Nxd4 Ne7 9. Be3 O-O 10. Nxc6 Nxc6 11. Bxa7 Rxa7 12. Nd2 Bd7 13. f4 Re8 14. Bb3 Be6 15. Bc2 f6 16. Qf3 Ra8 17. Rae1 Bf7 18. Bb3 Qd7 19. Nc4 Re7 20. Ne3 Bxb3 21. axb3 Ree8 22. b4 Ne7 23. Rd1 Qe6 24. Rfe1 Rad8 25. Kf2 Qf7 26. Nd5 Nxd5 27. exd5 f5 28. Rxe8+ Rxe8 29. Re1 Rxe1 30. Kxe1 Qe7+ 31. Kd2 Qh4 32. h3 Qe7 33. g4 fxg4 34. hxg4 Kf8 35. Kc2 Qh4 36. Kb3 Qh2 37. Qe4 Qg1 38. Qf5+ Ke7 39. Qe6+ Kf8 40. Qc8+ Kf7 41. Qxc7+ Ke8 42. Qc8+ Ke7 43. Qe6+ Kd8 44. Qxd6+ Kc8 45. Qc5+ Kb8 46. Qxg1 1-0


[Site "https://www.chess.com"]

[Event "Titled Tuesday Blitz June 28 Late 2022"]
[White "D`Arruda, Ricardo D."]
[Black "Tinmaz, Kerem"]
[WhiteFideId "100692"]
[BlackFideId "44559151"]
[WhiteElo "2447"]
[BlackElo "1443"]
[Result "0-1"]
[Round "06"]
[TimeControl "180+1"]
[Date "2022.06.29"]
[WhiteClock "0:01:06"]
[BlackClock "0:00:27"]

1. d4 d5 2. Nf3 Nf6 3. Bf4 Bf5 4. e3 e6 5. Nbd2 Bd6 6. c3 Bxf4 7. exf4 O-O 8. Ne5 c5 9. g4 Bg6 10. Nxg6 hxg6 11. Nf3 Nxg4 12. dxc5 Qc7 13. Qd4 Nc6 14. Qd2 Rad8 15. Bh3 Nf6 16. Qe3 Nh5 17. Ne5 d4 18. cxd4 Nxd4 19. Rc1 Rd5 20. Nd3 Rfd8 21. O-O Nc2 22. Rxc2 Rxd3 0-1


[Site "https://www.chess.com"]

[Event "Titled Tuesday Blitz June 28 Late 2022"]
[White "Daeschler, Florian"]
[Black "Silva, Miguel Antonio Neto"]
[WhiteFideId "20678193"]
[BlackFideId "1911929"]
[WhiteElo "2221"]
[BlackElo "2204"]
[Result "1-0"]
[Round "06"]
[TimeControl "180+1"]
[Date "2022.06.29"]
[WhiteClock "0:00:33"]
[BlackClock "0:00:12"]

1. d4 Nf6 2. c4 e6 3. g3 c5 4. d5 exd5 5. cxd5 d6 6. Nc3 g6 7. Bg2 Bg7 8. Nf3 O-O 9. O-O Re8 10. Re1 a6 11. a4 Ne4 12. Nxe4 Rxe4 13. Qc2 Bf5 14. Bh3 Rxa4 15. Qxa4 Bxh3 16. Bg5 Qd7 17. Qh4 Bg4 18. Bf6 h6 19. Bxg7 Kxg7 20. h3 Bxh3 21. Nh2 g5 22. Qc4 Bf5 23. e4 Bg6 24. e5 dxe5 25. Rxe5 Qd6 26. Rae1 Nd7 27. Re7 Rd8 28. Ng4 Nf6 29. Qc3 h5 30. R1e6 hxg4 31. Qxf6+ 1-0


[Site "https://www.chess.com"]

[Event "Titled Tuesday Blitz June 28 Late 2022"]
[White "Dardha, Daniel"]
[Black "Aggelis, Nikolaos"]
[WhiteFideId "240990"]
[BlackFideId "4213220"]
[WhiteElo "2482"]
[BlackElo "2154"]
[Result "1-0"]
[Round "06"]
[TimeControl "180+1"]
[Date "2022.06.28"]
[WhiteClock "0:00:23"]
[BlackClock "0:00:08"]

1. e4 c5 2. Nf3 Nc6 3. Bb5 g6 4. Bxc6 dxc6 5. d3 Bg7 6. h3 Nf6 7. Nc3 Nd7 8. Be3 b6 9. Qd2 h6 10. O-O e5 11. Nh2 Nf8 12. f4 exf4 13. Bxf4 Ne6 14. Bg3 Qg5 15. Qe1 Nd4 16. Nf3 Qh5 17. Nxd4 Bxd4+ 18. Kh2 Be6 19. e5 Bxc3 20. bxc3 O-O 21. Qe3 Rad8 22. Rf6 Kg7 23. Raf1 c4 24. d4 c5 25. R1f4 cxd4 26. cxd4 g5 27. Rf1 c3 28. Qxc3 Qe2 29. R1f2 Qc4 30. Qxc4 Bxc4 31. c3 Rc8 32. h4 Be6 33. R2f3 Bd5 34. Re3 Bxa2 35. Be1 Be6 36. Rg3 g4 37. d5 Bxd5 38. Rxg4+ Kh7 39. Bd2 Rc6 40. Rgf4 Rfc8 41. Rd6 Rxd6 42. exd6 Re8 43. Rf6 Re6 44. d7 Rxf6 45. d8=Q Be6 46. Qxf6 1-0


[Site "https://www.chess.com"]

[Event "Titled Tuesday Blitz June 28 Late 2022"]
[White "De Souza, Cristiano Gomes"]
[Black "Jaskolka, Tomasz"]
[WhiteFideId "2151758"]
[BlackFideId "1170791"]
[WhiteElo "2068"]
[BlackElo "2073"]
[Result "0-1"]
[Round "06"]
[TimeControl "180+1"]
[Date "2022.06.29"]
[WhiteClock "0:01:25"]
[BlackClock "0:01:40"]

1. d4 e6 2. c4 f5 3. g3 Nf6 4. Bg2 Be7 5. Nf3 O-O 6. O-O d6 7. b3 Ne4 8. a4 Nd7 9. Ba3 Ndf6 10. Nfd2 Nxd2 11. Nxd2 e5 12. dxe5 dxe5 13. Nf3 Qxd1 14. Rfxd1 Bxa3 15. Rxa3 e4 16. Nd4 Bd7 17. Ra2 Rad8 18. Rad2 Bc8 19. h3 a6 20. Nc2 Rxd2 21. Rxd2 Kf7 22. Ne3 Ke7 23. f4 Rd8 24. Rxd8 Kxd8 25. Kf2 Ke7 26. Nc2 Kd6 27. b4 a5 28. c5+ Kc6 29. bxa5 Kxc5 30. Ke3 Bd7 31. Nd4 Nd5+ 32. Kf2 Kxd4 0-1


[Site "https://www.chess.com"]

[Event "Titled Tuesday Blitz June 28 Late 2022"]
[White "Deac, Bogdan-Daniel"]
[Black "Pershin, Denis"]
[WhiteFideId "1226380"]
[BlackFideId "24165506"]
[WhiteElo "2648"]
[BlackElo "2275"]
[Result "1-0"]
[Round "06"]
[TimeControl "180+1"]
[Date "2022.06.28"]
[WhiteClock "0:00:06"]
[BlackClock "0:00:06"]

1. d4 Nf6 2. Nf3 d5 3. c4 e6 4. g3 Be7 5. Bg2 O-O 6. Qd3 b6 7. cxd5 exd5 8. Nc3 Bb7 9. O-O Na6 10. a3 c5 11. Rd1 Nc7 12. Bf4 Ne6 13. e3 Rc8 14. Be5 Qd7 15. Bh3 Qc6 16. a4 Rcd8 17. Bxf6 Bxf6 18. Rac1 c4 19. Qb1 a6 20. b3 b5 21. axb5 axb5 22. bxc4 bxc4 23. Rd2 Bc8 24. Bg2 Nc7 25. Rb2 Rfe8 26. Rb6 Qd7 27. Qb2 Qe7 28. Ra1 h5 29. Ra7 Rd7 30. Bh3 Rd6 31. Rxd6 Qxd6 32. Bxc8 Rxc8 33. Qb7 Qd8 34. h4 g6 35. Kg2 Be7 36. Ne5 Bf8 37. Nc6 Qe8 38. Ne5 Qd8 39. Nc6 Qe8 40. Na5 Bd6 41. Qb6 Qd8 42. Nc6 Qe8 43. Na5 Qd8 44. Nb7 Rb8 45. Qxd6 Qc8 46. Nc5 Ne8 47. Qe7 Qf5 48. Qe5 Qc2 49. Qxb8 Qxc3 50. Qxe8+ Kg7 51. Qxf7+ Kh6 52. Qh7# 1-0


[Site "https://www.chess.com"]

[Event "Titled Tuesday Blitz June 28 Late 2022"]
[White "Diaz, Fernando"]
[Black "Dauner, Benedikt"]
[WhiteFideId "3701255"]
[BlackFideId "16225899"]
[WhiteElo "1934"]
[BlackElo "2230"]
[Result "0-1"]
[Round "06"]
[TimeControl "180+1"]
[Date "2022.06.29"]
[WhiteClock "0:01:15"]
[BlackClock "0:02:07"]

1. e4 c5 2. d4 cxd4 3. c3 g6 4. cxd4 d5 5. exd5 Nf6 6. Nc3 Bg7 7. Nf3 O-O 8. Be2 Nxd5 9. Be3 Nc6 10. O-O Nxe3 11. fxe3 Qb6 12. Qd2 e5 13. d5 Ne7 14. Bc4 Nf5 15. Rae1 Bh6 16. Nd1 Bg7 17. Kh1 Nd6 18. Bb3 a5 19. Qc2 Bd7 20. a3 Rac8 21. Nc3 Nf5 22. e4 Nd4 23. Nxd4 exd4 24. Na4 Bxa4 0-1


[Site "https://www.chess.com"]

[Event "Titled Tuesday Blitz June 28 Late 2022"]
[White "Diaz Rosas, Julio Cesar"]
[Black "Meunier-Pion, Jean"]
[WhiteFideId "5105099"]
[BlackFideId "20685327"]
[WhiteElo "2674"]
[BlackElo "2479"]
[Result "0-1"]
[Round "06"]
[TimeControl "180+1"]
[Date "2022.06.29"]
[WhiteClock "0:00:05"]
[BlackClock "0:00:06"]

1. d4 d5 2. c4 c6 3. cxd5 cxd5 4. Bg5 Qb6 5. Nc3 Nc6 6. e4 e6 7. exd5 Qxb2 8. dxc6 Bb4 9. Bd2 Bxc3 10. Rc1 Bxd2+ 11. Qxd2 Qxd2+ 12. Kxd2 bxc6 13. Nf3 Bd7 14. Ne5 Nf6 15. Ba6 Rb8 16. Rb1 Ke7 17. Nd3 Rb6 18. Nc5 Rhb8 19. Bd3 h6 20. a4 Nd5 21. a5 Rxb1 22. Rxb1 Rxb1 23. Bxb1 Kd6 24. Ba2 f6 25. g3 Bc8 26. f4 e5 27. Ne4+ Ke6 28. fxe5 fxe5 29. Kd3 Ba6+ 30. Kd2 Bc8 31. Bc4 exd4 32. Nc5+ Kd6 33. Ne4+ Ke5 34. Nc5 Ne3 35. Be2 Ng4 36. Bf3 Nxh2 37. Bg2 Ng4 38. a6 Nf6 39. Kd3 Bf5+ 40. Kc4 Be4 41. Bf1 Bd5+ 42. Kb4 Ne4 43. Nd3+ Kd6 44. Ka5 Nxg3 45. Bh3 Ne4 46. Nf4 Bf7 47. Bg2 Nd2 48. Ne2 Nc4+ 49. Kb4 c5+ 50. Kb5 Ne5 51. Bb7 Be8+ 52. Ka5 Nc6+ 53. Ka4 Nd8+ 54. Kb3 Bc6 55. Kc4 Bxb7 56. axb7 Nxb7 57. Ng3 Na5+ 58. Kb5 Nc6 59. Nf5+ Kd5 60. Nxg7 d3 61. Nf5 Nd4+ 0-1


[Site "https://www.chess.com"]

[Event "Titled Tuesday Blitz June 28 Late 2022"]
[White "Dubov, Daniil"]
[Black "Przybylski, Wojciech"]
[WhiteFideId "24126055"]
[BlackFideId "1117599"]
[WhiteElo "2791"]
[BlackElo "2133"]
[Result "1-0"]
[Round "06"]
[TimeControl "180+1"]
[Date "2022.06.28"]
[WhiteClock "0:02:11"]
[BlackClock "0:00:28"]

1. d4 Nf6 2. Nf3 d5 3. c4 c6 4. Nc3 e6 5. Bg5 h6 6. Bxf6 Qxf6 7. e3 Nd7 8. Be2 g6 9. O-O Bg7 10. e4 dxe4 11. Nxe4 Qf4 12. Qc2 O-O 13. c5 Qc7 14. Rad1 Nf6 15. Nd6 Rd8 16. Rfe1 Ne8 17. Nc4 b6 18. b4 Bb7 19. Nce5 a5 20. a3 axb4 21. axb4 bxc5 22. bxc5 Nf6 23. Ra1 Nd5 24. g3 Rxa1 25. Rxa1 Ra8 26. Rxa8+ Bxa8 27. Qa4 Qb7 28. Kg2 Nc3 29. Qc4 Nxe2 30. Qxe2 Qc7 31. Nc4 Bb7 32. Nd6 Bc8 33. Ne5 f6 34. Nxg6 e5 35. Nxc8 1-0


[Site "https://www.chess.com"]

[Event "Titled Tuesday Blitz June 28 Late 2022"]
[White "Eynullayev, Atilla"]
[Black "Nathan, Nitish"]
[WhiteFideId "13413570"]
[BlackFideId "30927870"]
[WhiteElo "1936"]
[BlackElo "2263"]
[Result "1-0"]
[Round "06"]
[TimeControl "180+1"]
[Date "2022.06.29"]
[WhiteClock "0:00:36"]
[BlackClock "0:00:40"]

1. Nf3 Nc6 2. d4 d5 3. g3 Bg4 4. Bg2 Bxf3 5. Bxf3 e6 6. O-O Bd6 7. c4 Nf6 8. Nc3 dxc4 9. Qa4 O-O 10. Qxc4 Ne7 11. Rd1 Nfd5 12. e4 Nxc3 13. bxc3 Ng6 14. e5 Be7 15. Bxb7 Rb8 16. Bf3 h5 17. Bxh5 Nh8 18. Be3 Bg5 19. f4 Be7 20. d5 exd5 21. Rxd5 Qc8 22. Rd2 Qh3 23. Bf3 Ng6 24. Bg2 Qc8 25. Rad1 Ba3 26. Bxa7 Ra8 27. Bxa8 Qxa8 28. Bc5 Bxc5+ 29. Qxc5 Qf3 30. Rd3 Qg4 31. Kh1 Qf5 32. Qb4 Qh3 33. a4 Kh7 34. Qe4 Qg4 35. Rd8 f5 36. exf6 Rxf6 37. R8d3 Re6 38. Qf3 Qf5 39. Rd5 Qf8 40. Qh5+ Kg8 41. Rd8 Re8 42. Rxe8 Qxe8 43. Qd5+ Kh7 44. Qf3 Qe6 45. Qh5+ Kg8 46. Rd8+ Nf8 47. Qd5 Qxd5+ 48. Rxd5 Ne6 49. a5 c6 50. Rd6 Nc7 51. Rxc6 Na6 52. Rxa6 1-0


[Site "https://www.chess.com"]

[Event "Titled Tuesday Blitz June 28 Late 2022"]
[White "Fawole, John Oyeyemi"]
[Black "Sarkar, Justin"]
[WhiteFideId "8501319"]
[BlackFideId "2010011"]
[WhiteElo "2091"]
[BlackElo "2020"]
[Result "0-1"]
[Round "06"]
[TimeControl "180+1"]
[Date "2022.06.29"]
[WhiteClock "0:00:02"]
[BlackClock "0:00:02"]

1. d4 Nf6 2. c4 e6 3. Nf3 d5 4. g3 Be7 5. Bg2 O-O 6. Nbd2 c6 7. O-O Nbd7 8. b3 b6 9. Bb2 Bb7 10. e3 Rc8 11. Re1 c5 12. cxd5 Nxd5 13. Qe2 a5 14. a3 Re8 15. Rac1 N5f6 16. Red1 Rc7 17. Nc4 Qa8 18. Nce5 Nxe5 19. dxe5 Ne4 20. Ne1 h6 21. h4 a4 22. b4 Rec8 23. bxc5 Nxc5 24. Qg4 Nb3 25. Rxc7 Rxc7 26. Rd6 Bxg2 27. Nxg2 Rc2 28. Bd4 Nxd4 29. Rxd4 b5 30. Rd7 Bxa3 31. Qf4 Qe8 32. Rb7 Rc1+ 33. Kh2 Bf8 34. Qe4 a3 35. Ra7 b4 36. Ra8 Rc8 37. Ra7 Qd8 38. Nf4 Rc7 39. Ra8 Qd7 40. Rb8 Qc6 41. Qxc6 Rxc6 42. Ra8 b3 0-1


[Site "https://www.chess.com"]

[Event "Titled Tuesday Blitz June 28 Late 2022"]
[White "Florescu, Codrut-Constantin"]
[Black "Goncalves, Davi Sulzbacher"]
[WhiteFideId "1202200"]
[BlackFideId "2154510"]
[WhiteElo "2629"]
[BlackElo "2455"]
[Result "0-1"]
[Round "06"]
[TimeControl "180+1"]
[Date "2022.06.29"]
[WhiteClock "0:01:00"]
[BlackClock "0:01:20"]

1. d4 Nf6 2. Nf3 c5 3. d5 e6 4. c4 exd5 5. cxd5 d6 6. Nc3 g6 7. Nd2 Bg7 8. e4 O-O 9. Be2 Re8 10. O-O Nbd7 11. f3 a6 12. a4 Rb8 13. Nc4 Nb6 14. Ne3 Na8 15. Nc4 Nb6 16. Na3 Nxa4 17. Nxa4 b5 18. Nc3 b4 19. Nc4 bxc3 20. bxc3 Nh5 21. Ra3 f5 22. exf5 Bxf5 23. g4 Rb1 24. Bd3 Rxc1 25. Qxc1 Bxd3 26. gxh5 Bxc4 27. Re1 Be5 28. f4 Qh4 29. fxe5 Qg4+ 30. Kf2 Rf8+ 31. Ke3 Qf4# 0-1


[Site "https://www.chess.com"]

[Event "Titled Tuesday Blitz June 28 Late 2022"]
[White "Flynn, Jacob"]
[Black "Vlassov, Nikolai"]
[WhiteFideId "2509393"]
[BlackFideId "4103360"]
[WhiteElo "1896"]
[BlackElo "2407"]
[Result "1-0"]
[Round "06"]
[TimeControl "180+1"]
[Date "2022.06.29"]
[WhiteClock "0:00:29"]
[BlackClock "0:00:08"]

1. d4 Nf6 2. c4 Nc6 3. Nf3 e6 4. g3 Bb4+ 5. Bd2 a5 6. Bg2 d6 7. O-O e5 8. d5 Nb8 9. Qc2 O-O 10. e4 c6 11. Ne1 cxd5 12. cxd5 Bc5 13. Nd3 Bb6 14. Na3 Bd7 15. Nc4 Bc7 16. a4 b5 17. axb5 Bxb5 18. Rfc1 Bxc4 19. Qxc4 Bb6 20. Bf3 Na6 21. Kg2 Nc5 22. Nxc5 Bxc5 23. Ra4 Qb6 24. Be1 Qxb2 25. Rca1 Nd7 26. R1a2 Qb1 27. Bxa5 g6 28. Qe2 Bd4 29. Bc7 Rxa4 30. Rxa4 Bc5 31. Ra6 f5 32. Bxd6 Rf6 33. Bxc5 1-0


[Site "https://www.chess.com"]

[Event "Titled Tuesday Blitz June 28 Late 2022"]
[White "Gabdushev, Ruslan"]
[Black "Mortazavi, Ali"]
[WhiteFideId "4137833"]
[BlackFideId "401323"]
[WhiteElo "2312"]
[BlackElo "2339"]
[Result "0-1"]
[Round "06"]
[TimeControl "180+1"]
[Date "2022.06.29"]
[WhiteClock "0:00:38"]
[BlackClock "0:01:23"]

1. b3 b6 2. Bb2 Bb7 3. e3 e6 4. f4 Nf6 5. Nf3 g6 6. Be2 Bg7 7. O-O O-O 8. a4 a6 9. Na3 d5 10. c4 c5 11. Qc2 Nc6 12. Rac1 Rc8 13. Qb1 d4 14. exd4 cxd4 15. Qa1 d3 16. Bd1 Nh5 17. Bxg7 Nxg7 18. Qc3 Qd6 19. Ne5 Nxe5 20. fxe5 Qxa3 21. Qxd3 Qxc1 0-1


[Site "https://www.chess.com"]

[Event "Titled Tuesday Blitz June 28 Late 2022"]
[White "Gaehwiler, Gabriel"]
[Black "Gurevich, Dmitry"]
[WhiteFideId "1314530"]
[BlackFideId "2000407"]
[WhiteElo "2383"]
[BlackElo "2506"]
[Result "1-0"]
[Round "06"]
[TimeControl "180+1"]
[Date "2022.06.28"]
[WhiteClock "0:00:36"]
[BlackClock "0:00:02"]

1. g3 Nf6 2. Bg2 d5 3. c4 c6 4. d4 Bf5 5. Nd2 e6 6. Qb3 Qb6 7. Ngf3 Be7 8. O-O h6 9. Rd1 O-O 10. c5 Qxb3 11. axb3 a6 12. b4 Nbd7 13. Ne1 e5 14. Nb3 exd4 15. Nxd4 Bh7 16. Nd3 Rfe8 17. Bd2 Bd8 18. Bc3 Ne4 19. e3 Bc7 20. Nb3 Nxc3 21. bxc3 Ne5 22. Nxe5 Bxe5 23. Rdc1 Rad8 24. Ra2 Bd3 25. Bf1 Be4 26. Na5 Re7 27. Rd2 Rb8 28. Ra2 Bc7 29. Nb3 Rd8 30. Nd4 Be5 31. Nb3 Bc7 32. Bg2 Bd3 33. Rd2 Bc4 34. Nd4 g6 35. Rcd1 Rde8 36. Bf1 Bxf1 37. Kxf1 Be5 38. Ne2 h5 39. Ra2 Bf6 40. Ke1 Kg7 41. Kd2 Re4 42. h4 R4e5 43. Rh1 Rf5 44. f4 Be7 45. Nd4 Rf6 46. Raa1 Bd8 47. Rhg1 Kf8 48. g4 hxg4 49. Rxg4 Ke7 50. Rh1 Rh8 51. Ke2 a5 52. Rb1 b5 53. bxa5 Bxa5 54. Kd3 Kd7 55. Ra1 Bc7 56. Ra7 Rb8 57. Rg1 Kc8 58. Rga1 Rb7 59. Ra8+ Rb8 60. R8a6 Kd7 61. Rb1 Rb7 62. Rxb5 Rxb5 63. Nxb5 Rf5 64. Nd4 Rh5 65. Rxc6 Rxh4 66. Ra6 Rh3 67. Ra7 Kc8 68. Ke2 Rh2+ 69. Kf3 Rd2 70. c6 Rd3 71. Nb5 Bb8 72. Rxf7 1-0


[Site "https://www.chess.com"]

[Event "Titled Tuesday Blitz June 28 Late 2022"]
[White "Gatterer, Florian"]
[Black "Leenhouts, Koen"]
[WhiteFideId "811688"]
[BlackFideId "1008439"]
[WhiteElo "2218"]
[BlackElo "2409"]
[Result "0-1"]
[Round "06"]
[TimeControl "180+1"]
[Date "2022.06.29"]
[WhiteClock "0:00:01"]
[BlackClock "0:00:15"]

1. d4 Nf6 2. Nf3 e6 3. g3 d5 4. Bg2 Be7 5. O-O O-O 6. c4 c6 7. Qc2 Nbd7 8. Nbd2 b6 9. e4 Bb7 10. cxd5 cxd5 11. e5 Ne4 12. Nxe4 dxe4 13. Nd2 Rc8 14. Qd1 f5 15. exf6 Nxf6 16. Nb3 a5 17. Be3 a4 18. Nd2 b5 19. Rc1 Qd5 20. b3 a3 21. Rxc8 Rxc8 22. f3 exf3 23. Bxf3 Qd7 24. Qe2 Nd5 25. Ne4 Rc2 26. Qd3 Nxe3 27. Qxe3 Rxa2 28. Bg4 Qd5 29. Nf6+ Bxf6 30. Bxe6+ Kf8 31. Bxd5 Bxd5 32. Rf2 Ra1+ 33. Rf1 Rxf1+ 34. Kxf1 a2 35. Qc3 Bxb3 36. Kf2 Bc4 37. Ke3 Kf7 38. Qa3 b4 39. Qa8 b3 40. Qb7+ Be7 41. Qf3+ Kg8 42. Qa8+ Bf8 43. d5 b2 44. Qa4 b1=Q 45. Qxc4 a1=Q 46. d6+ Kh8 47. Qf7 Qc3+ 48. Kf4 Qf1+ 0-1


[Site "https://www.chess.com"]

[Event "Titled Tuesday Blitz June 28 Late 2022"]
[White "Golubev, Mikhail"]
[Black "Ipek, Egehan"]
[WhiteFideId "14100983"]
[BlackFideId "44523793"]
[WhiteElo "2374"]
[BlackElo "1413"]
[Result "1-0"]
[Round "06"]
[TimeControl "180+1"]
[Date "2022.06.29"]
[WhiteClock "0:00:07"]
[BlackClock "0:00:19"]

1. d4 d5 2. c4 c6 3. Nc3 Nf6 4. Nf3 dxc4 5. a4 Bf5 6. Ne5 Nbd7 7. Nxc4 Qc7 8. g3 Rd8 9. Bf4 Qc8 10. Bg2 Nb6 11. Ne3 Bh3 12. Bxh3 Qxh3 13. a5 Nbd5 14. Ncxd5 Nxd5 15. Nxd5 Rxd5 16. a6 b6 17. Qc2 Qd7 18. O-O e6 19. e4 Rxd4 20. Be3 Bc5 21. b4 Rxb4 22. Bxc5 bxc5 23. Qxc5 Rb5 24. Qa3 Qe7 25. Qc3 O-O 26. Qxc6 Rb6 27. Qc4 Rb4 28. Qe2 Rfb8 29. Rfd1 h6 30. Rd2 Qc5 31. Kg2 Qc6 32. Rad1 Qxe4+ 33. Qxe4 Rxe4 34. Rd8+ Rxd8 35. Rxd8+ Kh7 36. Rd7 Kg6 37. Rxa7 Ra4 38. Ra8 Kf6 39. h4 h5 40. Ra7 Ra2 41. Kf3 Ra4 42. Ra8 g6 43. Ke3 Ra3+ 44. Kd4 Ra2 45. Kc5 Rxf2 46. Rb8 Ra2 47. Kb6 Kf5 48. a7 Kg4 49. a8=Q Rxa8 50. Rxa8 Kxg3 51. Rf8 Kxh4 52. Rxf7 g5 53. Kc5 g4 54. Kd4 Kh3 55. Ke3 g3 56. Kf3 h4 57. Rh7 e5 58. Rh6 g2 59. Kf2 e4 60. Kg1 Kg3 61. Rg6+ Kf3 62. Rxg2 e3 63. Kf1 e2+ 64. Rxe2 h3 65. Rb2 Kg3 66. Kg1 h2+ 67. Kh1 Kh3 68. Rxh2+ Kg3 69. Rg2+ Kf3 70. Rg1 Ke3 71. Rf1 Kd3 72. Rg1 Ke3 73. Rg7 Kf3 74. Rf7+ Ke2 75. Kg1 Ke3 76. Kf1 Kd3 77. Kf2 Kd4 78. Rf5 Ke4 79. Rh5 Kf4 80. Rh4+ Kf5 81. Kf3 Kg5 82. Rf4 Kg6 83. Ke4 Kg5 84. Ke5 Kg6 85. Rg4+ Kh5 86. Kf5 1-0


[Site "https://www.chess.com"]

[Event "Titled Tuesday Blitz June 28 Late 2022"]
[White "Gubajdullin, Alexei"]
[Black "So, Wesley"]
[WhiteFideId "4141202"]
[BlackFideId "5202213"]
[WhiteElo "2280"]
[BlackElo "2742"]
[Result "0-1"]
[Round "06"]
[TimeControl "180+1"]
[Date "2022.06.28"]
[WhiteClock "0:00:08"]
[BlackClock "0:00:36"]

1. d4 Nf6 2. Nf3 d5 3. Bf4 c5 4. e3 Nc6 5. Nbd2 e6 6. c3 cxd4 7. exd4 Nh5 8. Be3 Bd6 9. g3 O-O 10. Bg2 f5 11. Nb3 f4 12. Bd2 Bd7 13. O-O Nf6 14. Nc5 fxg3 15. hxg3 Bxc5 16. dxc5 Ne4 17. Be3 Qe7 18. b4 Nxc3 19. Qd3 Ne4 20. b5 Nd8 21. Ne5 Be8 22. Rac1 Rf5 23. Bd4 a6 24. a4 axb5 25. axb5 Qc7 26. f4 Nf7 27. c6 bxc6 28. bxc6 Rc8 29. Bxe4 dxe4 30. Qxe4 Nxe5 31. Bxe5 Bxc6 32. Bxc7 Bxe4 33. Be5 Rff8 34. Rxc8 Rxc8 35. Rd1 Bd5 36. Ra1 Rc2 37. Ra3 h5 38. Rc3 Rg2+ 39. Kf1 Kh7 40. Bd4 Kh6 41. Be5 Kg6 42. Bd4 Kf5 43. Bxg7 h4 44. Rd3 Ra2 45. gxh4 Bc4 46. Ke1 Bxd3 0-1


[Site "https://www.chess.com"]

[Event "Titled Tuesday Blitz June 28 Late 2022"]
[White "Hoffmann, Asa"]
[Black "Rosenberg, Evan S"]
[WhiteFideId "2001470"]
[BlackFideId "2019299"]
[WhiteElo "2117"]
[BlackElo "2202"]
[Result "1-0"]
[Round "06"]
[TimeControl "180+1"]
[Date "2022.06.29"]
[WhiteClock "0:00:23"]
[BlackClock "0:00:08"]

1. d4 Nf6 2. Bg5 c5 3. d5 Ne4 4. Bc1 e6 5. Nf3 Qb6 6. Nc3 Nxc3 7. bxc3 c4 8. Be3 Bc5 9. Rb1 Qa5 10. Bxc5 Qxc5 11. e4 O-O 12. Qd4 Qxd4 13. Nxd4 exd5 14. exd5 Re8+ 15. Kd2 d6 16. Bxc4 b6 17. Bb5 Re5 18. Rhe1 Bb7 19. f4 Rxe1 20. Rxe1 Na6 21. Bxa6 Bxa6 22. Nf5 g6 23. Nxd6 Rd8 24. Re8+ Rxe8 25. Nxe8 Bc4 26. d6 Kf8 27. Nf6 Bxa2 28. Nxh7+ Ke8 29. Nf6+ Kd8 30. g4 a5 31. h4 a4 32. Kc1 a3 33. h5 gxh5 34. gxh5 Be6 35. Kb1 a2+ 36. Kb2 b5 37. h6 Bf5 38. Nd5 Kd7 39. Ne3 Bh7 40. Kxa2 Kxd6 41. Kb3 Kc5 42. Ng4 Be4 43. Nf6 Bg6 44. h7 Bxh7 45. Nxh7 Kd5 46. Ng5 f6 47. Nh3 Ke4 48. Kb4 Kf5 49. Kxb5 Kg4 50. c4 Kxh3 51. c5 Kg4 52. c6 Kxf4 53. c7 f5 54. c8=Q Ke4 55. c4 f4 56. c5 f3 57. Qf8 Ke3 58. c6 f2 59. c7 Ke2 60. c8=Q f1=Q 61. Qc4+ Ke3 62. Qe7+ 1-0


[Site "https://www.chess.com"]